 Dungeon Crawl Stone Soup version 0.30-a0-1160-g6e42c06551 (webtiles) character file.

Game seed: 5603463355417531671

288 CrazyBamboolord the Grave Robber (level 6, -1/43 HPs)
             Began as a Demonspawn Necromancer on Apr 26, 2023.
             Killed by divine providence
             ... invoked by an orc priest
              (13 damage)
             ... on level 4 of the Dungeon.
             The game lasted 00:11:01 (3463 turns).

CrazyBamboolord the Grave Robber (DsNe)             Turns: 3463, Time: 00:11:01

Health: -1/43      AC:  5    Str:  6 (8)  XL:     6   Next: 9%
Magic:  1/12       EV: 12    Int: 17 (19) God:
Gold:   174        SH:  0    Dex: 11 (13) Spells: 3/13 levels left

rFire   . . .        d - +4 dagger
rCold   . . .        (no shield)
rNeg    . . .        a - +0 robe
rPois   .            (no helmet)
rElec   .            n - +0 cloak
rCorr   .            o - +1 pair of gloves
SInv    .            (no boots)
Will    .....        (no amulet)
Stlth   ++           m - +4 ring of slaying
HPRegen 0.27/turn    (no ring)
MPRegen 0.26/turn

%: no passive effects
@: animating dead, hasted, very quick
A: powered by pain 2, magic regeneration
a: no special abilities


You were on level 4 of the Dungeon.
You visited 1 branch of the dungeon, and saw 4 of its levels.

You collected 174 gold pieces.

Inventory:

Hand Weapons
 d - a +4 dagger (weapon)
Armour
 a - a +0 robe (worn)
 n - a +0 cloak (worn)
 o - a +1 pair of gloves (worn)
Jewellery
 e - a ring of ice
 m - a +4 ring of slaying (left hand)
Scrolls
 h - a scroll of vulnerability {unknown}
 i - a scroll of teleportation
 j - a scroll of magic mapping {unknown}
 k - a scroll of immolation
 l - a scroll of noise
 p - a scroll of identify {unknown}
 q - a scroll of poison {unknown}
Potions
 f - a potion of degeneration


   Skills:
 * Level 1.1 Fighting
 * Level 2.4 Dodging
 + Level 2.0 Stealth
 * Level 4.1 Spellcasting
 * Level 6.1 Necromancy


You had 3 spell levels left.
You knew the following spells:

 Your Spells              Type           Power      Damage    Failure   Level
a - Necrotise             Necr           96%        1d8       1%          1
b - Vampiric Draining     Necr           24%        2d7       3%          3
c - Animate Dead          Necr           24%        N/A       13%         4
d - Sublimation of Blood  Necr           24%        N/A       1%          2

Your spell library contained the following spells:

 Spells                   Type           Power      Damage    Failure   Level
 Lesser Beckoning         Tloc           6%         N/A       24%         2
 Wereblood                Tmut           3%         N/A       24%         2
 Call Canine Familiar     Summ           3%         N/A       43%         3
 Gell's Gravitas          Tloc           3%         N/A       43%         3
 Portal Projectile        Hex/Tloc       6%         N/A       43%         3
 Teleport Other           Tloc           3%         N/A       43%         3
 Volatile Blastmotes      Fire/Tloc      6%         2d10      43%         3
 Agony                    Necr           24%        N/A       34%         5
 Fulminant Prism          Conj/Hex       1%         3d5       83%         4
 Iskenderun's Mystic Bla  Conj/Tloc      3%         2d3       83%         4
 Leda's Liquefaction      Hex/Erth       1%         N/A       83%         4
 Lee's Rapid Deconstruct  Erth           1%         3d4*      99%         5
 Summon Hydra             Summ           1%         N/A       100%        7


Dungeon Overview and Level Annotations

Branches:
Dungeon (4/15)
 Temple: D:4-7

Altars:
Wu Jian

Shops:
D:1 (

Annotations:
D:3 Grinder


Innate Abilities, Weirdness & Mutations

You sometimes gain power by taking damage.
You regenerate magic rapidly.


Message History

The orc priest barely misses you.
You barely miss the orc priest.
The orc priest is almost dead.
Your orc zombie barely misses the orc priest.
The orc priest calls down the wrath of Beogh upon you.
You barely resist.
Unknown command.
You closely miss the orc priest.
The orc priest is almost dead.
Your adder skeleton bites the orc priest.
Your orc zombie closely misses the orc priest.
The orc priest mumbles some strange prayers to Beogh against you.
Beogh smites you!
* * * LOW HITPOINT WARNING * * *
There are no items here.
There are no items here.
Aiming: Necrotise (safe; 1% risk of failure)
Press: ? - help, Q - select action, (/) - cycle Shift-Dir - straight line, f/p - orc priest
Aim: an orc priest, wielding a +0 club and wearing a +0 leather armour (almost dead, ally target, chance to affect: 81%)
The orc priest writhes in agony.
You kill the orc priest!
Your adder skeleton bites the orc priest.
Your orc zombie hits the orc priest but does no damage.
Your orc zombie misses the orc priest.
You have reached level 6!
Okay, then.
It was a potion of haste.
You feel yourself speed up.
Your adder skeleton crumbles into dust!
Your orc zombie hits the orc priest but does no damage.
Your orc zombie barely misses the orc priest.
The orc priest closely misses you.
The orc priest hits your orc zombie with a +0 hand axe. x2
It was a potion of curing.
You feel better.
Unknown command.
You barely miss the orc priest.
The orc priest is lightly wounded.
Your orc zombie barely misses the orc priest.
The orc priest mumbles some strange prayers to Beogh against you.
Beogh smites you!
You die...

#.......# ..# .# #
#.#.##..# #.##.#...
#.#.##..######........
..#.............#
#############)#
..#..#)# ######.#...)#
.....ZZ##.###
....Z..o@.#
......Z#### .).....
......o ##....# #...o
#.... #....


You could see an orc priest (ally target), a friendly hobgoblin zombie, 2
friendly orc zombies and a friendly orc priest zombie.

Vanquished Creatures
  An orc priest (D:4)
  Crazy Yiuf (D:2)
  Natasha (thrice) (D:2)
  4 gnolls (D:2)
  2 adders
  2 worms
  4 dart slugs
  11 orcs
  4 ball pythons
  3 endoplasms
  A giant cockroach (D:3)
  6 hobgoblins
  2 jackals (D:3)
  9 kobolds
  3 quokkas
  9 bats
  3 frilled lizards
  3 goblins (D:1)
  7 rats
78 creatures vanquished.

Vanquished Creatures (collateral kills)
  An orc (D:4)
  A hobgoblin (D:4)
  A ball python (D:1)
  A frilled lizard (D:1)
4 creatures vanquished.

Vanquished Creatures (others)
  An orc zombie (D:4)
  11 plants (D:3)
12 creatures vanquished.

Grand Total: 94 creatures vanquished

Notes
Turn   | Place    | Note
-------+----------+-------------------------------------------
     0 | D:1      | CrazyBamboolord the Demonspawn Necromancer began the quest
                  | for the Orb.
     0 | D:1      | Reached XP level 1. HP: 13/13 MP: 3/3
   290 | D:1      | Gained mutation: You regenerate magic rapidly. [demonic
                  | ancestry]
   290 | D:1      | Reached XP level 2. HP: 19/19 MP: 3/5
   482 | D:1      | Found Beysicuwid's Weapon Boutique.
   730 | D:1      | Reached skill level 5 in Necromancy
   953 | D:1      | Gained mutation: You sometimes gain a little power by
                  | taking damage. [demonic ancestry]
   953 | D:1      | Reached XP level 3. HP: 24/24 MP: 2/6
  1029 | D:2      | Learned a level 3 spell: Vampiric Draining
  1057 | D:2      | Found an ornate altar of the Wu Jian Council.
  1057 | D:2      | Noticed Natasha
  1063 | D:2      | Killed Natasha
  1235 | D:2      | Gained mutation: You sometimes gain power by taking damage.
                  | [demonic ancestry]
  1235 | D:2      | Reached XP level 4. HP: 30/31 MP: 1/8
  1366 | D:2      | Noticed Natasha
  1369 | D:2      | Killed Natasha
  1404 | D:2      | Noticed Natasha
  1412 | D:2      | Killed Natasha
  1413 | D:2      | Reached XP level 5. HP: 22/36 MP: 4/10
  1518 | D:2      | Learned a level 4 spell: Animate Dead
  1960 | D:2      | Found a runed translucent door.
  1961 | D:2      | Noticed Crazy Yiuf
  2358 | D:2      | Killed Crazy Yiuf
  2359 | D:2      | Reached skill level 1 in Fighting
  2825 | D:3      | Noticed Grinder
  2834 | D:3      | Paralysed by Grinder for 2 turns
  3001 | D:3      | Learned a level 2 spell: Sublimation of Blood
  3216 | D:3      | Found a faded altar of an unknown god.
  3443 | D:4      | Reached skill level 6 in Necromancy
  3461 | D:4      | Reached XP level 6. HP: 6/43 MP: 0/12
  3463 | D:4      | Killed from afar by an orc priest

Illustrated notes

Levels and vault maps discovered:
D:1:      saegor_arrival_under_anarchy, layout_basic, serial_shops, shop,
          minmay_octomino_c4
D:2:      layout_basic, basic_altar, roderic_lattice_a, eino_tiny_chamber,
          hangedman_decor_points, uniq_crazy_yiuf_cottage, uniq_natasha
D:3:      layout_loops_ring, dilly_ecumenical_altar_fadedgnrine, uniq_grinder
D:4:      layout_basic, minmay_gold_behind_fungi, uniq_blork_the_orc,
          uniq_robin, uniq_menkaure

Skill      XL: |  1  2  3  4  5 |
---------------+----------------+-----
Necromancy     | 5 6 |  6.1
Dodging        | 2 |  2.4
Stealth        | 2 |  2.0
Spellcasting   | 3 4 |  4.1
Fighting       | 1 |  1.1

Action                     |  1- 3 |  4- 6 || total
---------------------------+-------+-------++-------
  Melee: Unarmed           |     3 |       ||     3
         Dagger            |     3 |    10 ||    13
   Cast: Necrotise         |    56 |   108 ||   164
         Vampiric Draining |     1 |     7 ||     8
         Animate Dead      |       |     1 ||     1
    Use: Scroll            |       |     3 ||     3
         Potion            |       |     4 ||     4
   Stab: Sleeping          |     1 |       ||     1
 Armour: Robe              |     3 |    11 ||    14
  Dodge: Dodged            |    12 |    26 ||    38

Table legend: (Time is in decaauts)
 A = Elapsed time spent in this place.
 B = Non-inter-level travel time spent in this place.
 C = Inter-level travel time spent in this place.
 D = Time resting spent in this place.
 E = Time spent auto-exploring this place.
 F = Levels seen in this place.
 G = Mean time per level.
                   A        B        C        D        E       F      G
               +--------+--------+--------+--------+--------+-----+--------+
         Total |   3466 |   3255 |    211 |    173 |   2574 |   4 |  866.5 |
       Dungeon |   3466 |   3255 |    211 |    173 |   2574 |   4 |  866.5 |
               +--------+--------+--------+--------+--------+-----+--------+

Top non-repeatable levels by time:
     D:2: 1511 daAuts
     D:1: 999 daAuts
     D:3: 788 daAuts
     D:4: 168 daAuts
